 Dungeon Crawl Stone Soup version 0.24.0-2-g5b39cebb1c (webtiles) character file.

Game seed: 312197427348695860, levelgen mode: deterministic

59 Nivan the Conjurer (level 3, 0/26 HPs)
             Began as a Draconian Conjurer on Oct 30, 2019.
             Slain by an orc priest
             ... wielding a +0 short sword
              (5 damage)
             ... on level 3 of the Dungeon.
             The game lasted 00:05:30 (1816 turns).

Nivan the Conjurer (Draconian Conjurer)             Turns: 1816, Time: 00:05:31

Health: 0/26       AC:  6    Str: 10    XL:     3   Next: 78%
Magic:  1/6        EV: 12    Int: 16    God:
Gold:   135        SH:  0    Dex: 11    Spells: 5/6 levels left

rFire    . . .     SeeInvis .   i - +0 mace
rCold    . . .     Gourm    .   (no shield)
rNeg     . . .     Faith    .   (armour unavailable)
rPois    .         Spirit   .   (helmet restricted)
rElec    .         Reflect  .   c - +0 cloak
rCorr    .         Harm     .   (no gloves)
MR       .....                  (no boots)
Stlth    ++........             (no amulet)
HPRegen  0.08/turn              (no ring)
MPRegen  0.10/turn              (no ring)

@: no status effects
A: unfitting armour, cold-blooded, AC +5
a: no special abilities


You were on level 3 of the Dungeon.
You were hungry.

You visited 1 branch of the dungeon, and saw 3 of its levels.

You collected 135 gold pieces.

Inventory:

Hand Weapons
 f - a +0 short sword
 i - a +0 mace (weapon)
Armour
 c - a +0 cloak (worn)
Jewellery
 g - a +1 ring of protection {unknown}
Scrolls
 a - a scroll of noise {unknown}
 d - a scroll of teleportation {unknown}
 e - a scroll of magic mapping {unknown}
 h - 3 scrolls of immolation {unknown}
Potions
 j - a potion of flight {unknown}
Comestibles
 b - 2 rations


   Skills:
 + Level 2.0 Dodging
 + Level 2.0 Stealth
 + Level 2.2 Spellcasting
 + Level 5.1 Conjurations


You had 5 spell levels left.
You knew the following spells:

 Your Spells              Type           Power        Failure   Level  Hunger
a - Magic Dart            Conj           ###.         2%          1    #......

Your spell library contained the following spells:

 Spells                   Type           Power        Failure   Level  Hunger
 Searing Ray              Conj           ###...       3%          2    ###....
 Dazzling Spray           Conj/Hex       ##....       22%         3    ###....
 Iskenderun's Mystic Bla  Conj           ###.....     24%         4    #####..
 Force Lance              Conj/Tloc      ##......     56%         4    #####..
 Fulminant Prism          Conj/Hex       ##........   56%         4    #####..


Dungeon Overview and Level Annotations

Branches:
Dungeon (3/15)

Altars:
Qazlal


Innate Abilities, Weirdness & Mutations

Your plain brown scales are hard. (AC +5)
You cannot fit into any form of body armour.
You are cold-blooded and may be slowed by cold attacks.


Message History

Casting: Magic Dart (safe; 2% risk of failure)
Confirm with . or Enter, or press ? or * to list all spells.
Aiming: Magic Dart (safe; 2% risk of failure)
Press: ? - help, Shift-Dir - straight line, f - orc priest
Aim: an orc priest, wielding a +0 short sword and wearing a +0 chain mail (lightly wounded)
The magic dart hits the orc priest but does no damage.
The orc priest is lightly wounded.
The orc hits you but does no damage.
The orc priest hits you with a +0 short sword.
* * * LOW HITPOINT WARNING * * *
The kobold barely misses you.
Casting: Magic Dart (safe; 2% risk of failure)
Confirm with . or Enter, or press ? or * to list all spells.
Aiming: Magic Dart (safe; 2% risk of failure)
Press: ? - help, Shift-Dir - straight line, f/p - orc priest
Aim: an orc priest, wielding a +0 short sword and wearing a +0 chain mail (lightly wounded)
The magic dart hits the orc priest.
The orc priest is lightly wounded.
The orc priest hits you with a +0 short sword.
You die...

.....).#....###.##
.......#....#.....#.
.......)........... .
.......#(...#.#.#.#.#
#####+##.##.#.#...#.#
..#.##.#.#.....#
#.#.##รท#.#.....#
#o#.##.#<#.....#
#@o.##.#.'.....#
####K.##.#.#.....###
#....>.....#....<...
###.....####........
#.....# ###......
#.....# #......
#.....# #......
#.....# #......
#.....# #......


You could see an orc priest, an orc and a kobold.

Vanquished Creatures
  3 adders
  A leopard gecko (D:2)
  A ball python (D:2)
  3 goblins
  6 hobgoblins
  2 bats
  5 frilled lizards
  6 kobolds
  8 rats
35 creatures vanquished.

Notes
Turn   | Place    | Note
-------+----------+-------------------------------------------
     0 | D:1      | Nivan the Draconian Conjurer began the quest for the Orb.
     0 | D:1      | Reached XP level 1. HP: 14/14 MP: 3/3
   214 | D:1      | Reached XP level 2. HP: 20/20 MP: 1/5
   988 | D:2      | Found a stormy altar of Qazlal.
  1416 | D:2      | Reached XP level 3. HP: 26/26 MP: 2/6
  1771 | D:3      | Reached skill level 5 in Conjurations
  1816 | D:3      | Slain by an orc priest

Levels and vault maps discovered:
D:1:      dpeg_arrival_chase, layout_basic, serial_park_tiny_pond
D:2:      layout_basic, grunt_qazlal_clouds
D:3:      layout_basic, overflow_temple_1_default,
          nicolae_ru_the_path_less_chosen, gup_sewer_entry_spiral

Skill      XL: |  1  2  3 |
---------------+----------+-----
Dodging        | 2 |  2.0
Stealth        | 2 |  2.0
Conjurations   | 5 |  5.1
Spellcasting   | |  2.2

Action                   || total
-------------------------++-------
Melee: Unarmed           ||     9
       Mace              ||     5
 Cast: Magic Dart        ||    62
  Eat: Chunk             ||     3
Armor: Skin              ||     5
Dodge: Dodged            ||    12
